3R
BALLARD BEAVERS @ UNION CITY HILLERS
08/20/2032
 
TOP OF THE 1ST
Ballard Beavers batting - Pitching for Union City Hillers : RHP Hidekazu Okawa
Pitching: RHP Hidekazu Okawa
Batting: RHB Lorenzo López 0-0: Ball
1-0: Ball
2-0: Ball
3-0: Base on Balls
Batting: RHB Jovy Marcelo 0-0: Grounds into double play, 6-4-3 (Groundball, 6)
Batting: LHB Senichi Ito 0-0: Ball
1-0: Swinging Strike
1-1: Ball
2-1: Ball
3-1: Ground out 4-3 (Groundball, 4)
Top of the 1st over - 0 runs, 0 hits, 0 errors, 0 left on base; Ballard 0 - Union City 0
BOTTOM OF THE 1ST
Union City Hillers batting - Pitching for Ballard Beavers : RHP Yong-chul Kim
Pitching: RHP Yong-chul Kim
Batting: RHB Cornelio Japón 0-0: Fly out, F9 (Flyball, 89M)
Batting: LHB Matsu Yoshida 0-0: Ball
1-0: Called Strike
1-1: Ball
2-1: Ball
3-1: Foul Ball, location: 2F
3-2: Fly out, F8 (Flyball, 8LM)
Batting: LHB Manuel Estrada 0-0: Foul Ball, location: 2F
0-1: Called Strike
0-2: Ball
1-2: Strikes out swinging
Bottom of the 1st over - 0 runs, 0 hits, 0 errors, 0 left on base; Ballard 0 - Union City 0
TOP OF THE 2ND
Ballard Beavers batting - Pitching for Union City Hillers : RHP Hidekazu Okawa
Batting: RHB Domingo Torres 0-0: Called Strike
0-1: Ball
1-1: Swinging Strike
1-2: Ball
2-2: Strikes out swinging
Batting: RHB Marcos Avilés 0-0: Ball
1-0: Ball
2-0: Ball
3-0: Called Strike
3-1: Called Strike
3-2: DOUBLE (Line Drive, 8RD)
Batting: SHB Alberto González 0-0: Called Strike
0-1: Ball
1-1: Swinging Strike
1-2: Strikes out swinging
Batting: RHB Bob Smelcer 0-0: Ground out 1-3 (Groundball, 15S)
Top of the 2nd over - 0 runs, 1 hit, 0 errors, 1 left on base; Ballard 0 - Union City 0
BOTTOM OF THE 2ND
Union City Hillers batting - Pitching for Ballard Beavers : RHP Yong-chul Kim
Batting: SHB Ezequiel Oacia 0-0: Called Strike
0-1: Ball
1-1: Foul Ball, location: 2F
1-2: Ground out 6-3 (Groundball, 6)
Batting: LHB Cesar Baardman 0-0: Called Strike
0-1: DOUBLE (Groundball, 3L)
Batting: RHB Ken Barger 0-0: Ball
1-0: Called Strike
1-1: SINGLE (Flyball, 8RS)
Cesar Baardman to third
Runner from 3rd tries for Home, SAFE, no throw
Batting: RHB Arthur Cook 0-0: Called Strike
0-1: Ball
1-1: Ball
2-1: Grounds into double play, 5-4-3 (Groundball, 56)
Bottom of the 2nd over - 1 run, 2 hits, 0 errors, 0 left on base; Ballard 0 - Union City 1
TOP OF THE 3RD
Ballard Beavers batting - Pitching for Union City Hillers : RHP Hidekazu Okawa
Batting: RHB Clarence Coffin 0-0: Foul Ball, location: 2F
0-1: Foul Ball, location: 2F
0-2: Ball
1-2: Foul Ball, location: 2F
1-2: Strikes out swinging
Batting: SHB Chi-young Wa 0-0: Called Strike
0-1: Ball
1-1: Ground out 4-3 (Groundball, 4)
Batting: RHB Lorenzo López 0-0: SINGLE (Flyball, 7LS)
Batting: RHB Jovy Marcelo 0-0: Called Strike
Throwing error on steal attempt, E2
Lorenzo López to third
0-1: Swinging Strike
0-2: Ball
1-2: Strikes out looking
Top of the 3rd over - 0 runs, 1 hit, 1 error, 1 left on base; Ballard 0 - Union City 1
BOTTOM OF THE 3RD
Union City Hillers batting - Pitching for Ballard Beavers : RHP Yong-chul Kim
Batting: RHB Zhong-yan Zha 0-0: Ground out 5-3 (Groundball, 56S)
Batting: SHB Alejandro Arizméndiz 0-0: Ball
1-0: Foul Ball, location: 2F
1-1: Ball
2-1: Fly out, F6 (Popup, 6)
Batting: RHB Cornelio Japón 0-0: Called Strike
0-1: Called Strike
0-2: Fly out, F7 (Line Drive, 78M)
Bottom of the 3rd over - 0 runs, 0 hits, 0 errors, 0 left on base; Ballard 0 - Union City 1
TOP OF THE 4TH
Ballard Beavers batting - Pitching for Union City Hillers : RHP Hidekazu Okawa
Batting: LHB Senichi Ito 0-0: Called Strike
0-1: Fly out, F9 (Line Drive, 89D)
Batting: RHB Domingo Torres 0-0: Called Strike
0-1: Fly out, F6 (Popup, 6)
Batting: RHB Marcos Avilés 0-0: Ball
1-0: Swinging Strike
1-1: Foul Ball, location: 2F
1-2: Foul Ball, location: 2F
1-2: Ball
2-2: Strikes out swinging
Top of the 4th over - 0 runs, 0 hits, 0 errors, 0 left on base; Ballard 0 - Union City 1
BOTTOM OF THE 4TH
Union City Hillers batting - Pitching for Ballard Beavers : RHP Yong-chul Kim
Batting: LHB Matsu Yoshida 0-0: Ball
1-0: SINGLE (Line Drive, 89M)
Batting: LHB Manuel Estrada 0-0: Called Strike
0-1: Ball
1-1: Ball
2-1: Ball
3-1: Called Strike
3-2: Foul Ball, location: 2F
3-2: Foul Ball, location: 2F
3-2: SINGLE (Flyball, 78S)
Matsu Yoshida to second
Matsu Yoshida to third
Batting: SHB Ezequiel Oacia 0-0: Ball
1-0: Ball
2-0: Foul Ball, location: 2F
2-1: Fly out, F9 (Flyball, 9S)
Runner from 3rd tags up, OUT at HOME
Manuel Estrada to second
Batting: LHB Cesar Baardman 0-0: Intentional Walk
Batting: RHB Ken Barger 0-0: Called Strike
0-1: Ball
1-1: Foul Ball, location: 2F
1-2: Ball
2-2: Fly out, F5 (Line Drive, 5L)
Bottom of the 4th over - 0 runs, 2 hits, 0 errors, 2 left on base; Ballard 0 - Union City 1
TOP OF THE 5TH
Ballard Beavers batting - Pitching for Union City Hillers : RHP Hidekazu Okawa
Batting: SHB Alberto González 0-0: Ball
1-0: Swinging Strike
1-1: Ball
2-1: Called Strike
2-2: Foul Ball, location: 2F
2-2: Foul Ball, location: 2F
2-2: Foul Ball, location: 2F
2-2: Foul Ball, location: 2F
2-2: Hit by Pitch
Batting: RHB Bob Smelcer 0-0: Bunted foul
0-1: Bunted foul
0-2: Foul Ball, location: 2F
0-2: Fly out, F6 (Popup, 15)
Batting: RHB Clarence Coffin 0-0: Called Strike
0-1: Swinging Strike
0-2: Strikes out looking
Batting: SHB Chi-young Wa 0-0: Ball
1-0: TRIPLE (Flyball, 8RXD)
Alberto González scores
Pinch Runner at 3rd Peter Perrantes:
Batting: RHB Lorenzo López 0-0: Swinging Strike
0-1: Called Strike
0-2: Foul Ball, location: 2F
0-2: Ball
1-2: Foul Ball, location: 2F
1-2: Ball
2-2: Fly out, F9 (Flyball, 9LM)
Top of the 5th over - 1 run, 1 hit, 0 errors, 1 left on base; Ballard 1 - Union City 1
BOTTOM OF THE 5TH
Union City Hillers batting - Pitching for Ballard Beavers : RHP Yong-chul Kim
Now at 3B: Peter Perrantes
Batting: RHB Arthur Cook 0-0: Called Strike
0-1: SINGLE (Line Drive, 4D)
Batting: RHB Zhong-yan Zha 0-0: Bunt missed!
0-1: Sac Bunt - play at first, batter OUT! 1-4
Arthur Cook to second
Batting: SHB Alejandro Arizméndiz 0-0: Intentional Walk
Batting: RHB Cornelio Japón 0-0: Ball
1-0: SINGLE (Line Drive, 56)
Arthur Cook to third
Alejandro Arizméndiz to second
Batting: LHB Matsu Yoshida 0-0: Called Strike
0-1: Ball
1-1: Ball
2-1: Foul Ball, location: 2F
2-2: Grounds into fielders choice 3-2 (Groundball, 3)
Alejandro Arizméndiz to third
Cornelio Japón to second
Batting: LHB Manuel Estrada 0-0: Ball
1-0: Ball
2-0: Called Strike
2-1: Fly out, F7 (Flyball, 7S)
Bottom of the 5th over - 0 runs, 2 hits, 0 errors, 3 left on base; Ballard 1 - Union City 1
TOP OF THE 6TH
Ballard Beavers batting - Pitching for Union City Hillers : RHP Hidekazu Okawa
Batting: RHB Jovy Marcelo 0-0: DOUBLE (Flyball, 8LD)
Batting: LHB Senichi Ito 0-0: Intentional Walk
Batting: RHB Domingo Torres 0-0: Ball
1-0: Ball
2-0: DOUBLE (Line Drive, 7LM)
Jovy Marcelo scores
Senichi Ito to third
Batting: RHB Marcos Avilés 0-0: Intentional Walk
Batting: SHB Alberto González 0-0: Hit by Pitch
Senichi Ito scores
Domingo Torres to third
Marcos Avilés to second
Batting: RHB Bob Smelcer 0-0: Ball
1-0: Called Strike
1-1: Foul Ball, location: 2F
1-2: Strikes out swinging
Batting: RHB Clarence Coffin 0-0: Ball
1-0: Swinging Strike
1-1: Foul Ball, location: 2F
1-2: Ball
2-2: Foul Ball, location: 2F
2-2: Ball
3-2: Base on Balls
Domingo Torres scores
Marcos Avilés to third
Alberto González to second
Batting: LHB Peter Perrantes 0-0: Ball
1-0: Ball
2-0: Swinging Strike
2-1: SINGLE (Line Drive, 8LS)
Marcos Avilés scores
Alberto González to third
Clarence Coffin to second
Runner from 3rd tries for Home, SAFE, no throw
Pitching: RHP Orlando Hernández
Batting: RHB Lorenzo López 0-0: Ball
1-0: Swinging Strike
1-1: Ball
2-1: Called Strike
2-2: Foul Ball, location: 2F
2-2: Strikes out looking
Batting: RHB Jovy Marcelo 0-0: Called Strike
0-1: Ground out 5-3 (Groundball, 25)
Top of the 6th over - 5 runs, 3 hits, 0 errors, 2 left on base; Ballard 6 - Union City 1
BOTTOM OF THE 6TH
Union City Hillers batting - Pitching for Ballard Beavers : RHP Yong-chul Kim
Batting: SHB Ezequiel Oacia 0-0: Foul Ball, location: 2F
0-1: Ball
1-1: Swinging Strike
1-2: Strikes out swinging
Batting: LHB Cesar Baardman 0-0: Swinging Strike
0-1: Swinging Strike
0-2: Strikes out swinging
Batting: RHB Ken Barger 0-0: Ball
1-0: SINGLE (Line Drive, 7S)
Batting: RHB Arthur Cook 0-0: Called Strike
0-1: Called Strike
Ken Barger steals 2nd base
0-2: Fly out, F8 (Flyball, 8RD)
Bottom of the 6th over - 0 runs, 1 hit, 0 errors, 1 left on base; Ballard 6 - Union City 1
TOP OF THE 7TH
Ballard Beavers batting - Pitching for Union City Hillers : RHP Orlando Hernández
Batting: LHB Senichi Ito 0-0: Ball
1-0: Ball
2-0: Ball
3-0: Foul Ball, location: 2F
3-1: Called Strike
3-2: Foul Ball, location: 2F
3-2: Strikes out swinging
Batting: RHB Domingo Torres 0-0: Ball
1-0: Foul Ball, location: 2F
1-1: Foul Ball, location: 2F
1-2: Ball
2-2: Ground out 5-3 (Groundball, 5)
Batting: RHB Marcos Avilés 0-0: Foul Ball, location: 2F
0-1: Swinging Strike
0-2: Strikes out swinging
Top of the 7th over - 0 runs, 0 hits, 0 errors, 0 left on base; Ballard 6 - Union City 1
BOTTOM OF THE 7TH
Union City Hillers batting - Pitching for Ballard Beavers : RHP Yong-chul Kim
Batting: RHB Zhong-yan Zha 0-0: Called Strike
0-1: Foul Ball, location: 2F
0-2: Foul Ball, location: 2F
0-2: SINGLE (Groundball, 56D)
Batting: SHB Alejandro Arizméndiz 0-0: Ball
1-0: Called Strike
1-1: Fly out, F7 (Flyball, 7D)
Batting: RHB Cornelio Japón 0-0: Fly out, F7 (Line Drive, 7S)
Batting: LHB Matsu Yoshida 0-0: Ball
1-0: Foul Ball, location: 2F
1-1: Ball
2-1: Ball
3-1: Foul Ball, location: 2F
3-2: Fly out, F8 (Flyball, 8RD)
Bottom of the 7th over - 0 runs, 1 hit, 0 errors, 1 left on base; Ballard 6 - Union City 1
TOP OF THE 8TH
Ballard Beavers batting - Pitching for Union City Hillers : RHP Orlando Hernández
Batting: SHB Alberto González 0-0: Ball
1-0: Called Strike
1-1: Ball
2-1: Called Strike
2-2: SINGLE (Groundball, 34D)
Batting: RHB Bob Smelcer 0-0: Ball
1-0: Ball
2-0: Ball
3-0: Called Strike
3-1: Base on Balls
Alberto González to second
Batting: RHB Clarence Coffin 0-0: Ball
1-0: Called Strike
1-1: Ball
2-1: Bunt - Flyout! F5
Batting: LHB Peter Perrantes 0-0: Ball
1-0: Called Strike
1-1: Foul Ball, location: 2F
1-2: Ball
2-2: Strikes out swinging
Batting: RHB Lorenzo López 0-0: Foul Ball, location: 2F
0-1: Swinging Strike
0-2: Ball
1-2: Strikes out swinging
Top of the 8th over - 0 runs, 1 hit, 0 errors, 2 left on base; Ballard 6 - Union City 1
BOTTOM OF THE 8TH
Union City Hillers batting - Pitching for Ballard Beavers : RHP Yong-chul Kim
Pitching: RHP Bert Hollingsworth
Now at 2B: En-lai Lung
Batting: LHB Manuel Estrada 0-0: SOLO HOME RUN (Flyball, 9D), Distance : 387 ft
Batting: SHB Ezequiel Oacia 0-0: Foul Ball, location: 2F
0-1: DOUBLE (Line Drive, 9LD)
Batting: LHB Cesar Baardman 0-0: Foul Ball, location: 2F
0-1: Swinging Strike
0-2: Strikes out swinging
Batting: RHB Ken Barger 0-0: Fly out, F8 (Flyball, 89XD)
Runner from 2nd tags up, SAFE at 3rd, no throw
Batting: RHB Arthur Cook 0-0: Ball
1-0: Ball
Wild Pitch!
Ezequiel Oacia scores
2-0: Swinging Strike
2-1: Ball
3-1: Swinging Strike
3-2: Strikes out swinging
Bottom of the 8th over - 2 runs, 2 hits, 0 errors, 0 left on base; Ballard 6 - Union City 3
TOP OF THE 9TH
Ballard Beavers batting - Pitching for Union City Hillers : RHP Orlando Hernández
Pitching: LHP Kenny McDonald
Batting: RHB Jovy Marcelo 0-0: Called Strike
0-1: Called Strike
0-2: Ball
1-2: Foul Ball, location: 2F
1-2: Strikes out swinging
Batting: LHB Senichi Ito 0-0: Foul Ball, location: 2F
0-1: Swinging Strike
0-2: Strikes out swinging
Batting: RHB Domingo Torres 0-0: Ball
1-0: Ball
2-0: Foul Ball, location: 2F
2-1: SINGLE (Groundball, 6MS) (infield hit)
Batting: RHB Marcos Avilés 0-0: Called Strike
0-1: SINGLE (Groundball, 4MD)
Domingo Torres to second
Runner from 2nd tries for 3rd, SAFE, no throw
Batting: SHB Alberto González 0-0: Called Strike
0-1: Ground out U3 (Groundball, 34S)
Top of the 9th over - 0 runs, 2 hits, 0 errors, 2 left on base; Ballard 6 - Union City 3
BOTTOM OF THE 9TH
Union City Hillers batting - Pitching for Ballard Beavers : RHP Bert Hollingsworth
Pitching: LHP Samuel Greene
Batting: RHB Zhong-yan Zha 0-0: Ball
1-0: Called Strike
1-1: Foul Ball, location: 2F
1-2: Ball
2-2: Fly out, F5 (Popup, 5SF)
Batting: SHB Alejandro Arizméndiz 0-0: Ball
1-0: Foul Ball, location: 2F
1-1: Foul Ball, location: 2F
1-2: Foul Ball, location: 2F
1-2: Strikes out swinging
Batting: RHB Cornelio Japón 0-0: Ball
1-0: Fly out, F6 (Line Drive, 6)
Bottom of the 9th over - 0 runs, 0 hits, 0 errors, 0 left on base; Ballard 6 - Union City 3
Wednesday, September 19th, 2018 - OOTP Baseball 18.8 Build 76